 Dungeon Crawl Stone Soup version 0.23.2-40-g277498a001 (webtiles) character file.

Game seed: 393638372708013883

45 JustSomeDude the Skirmisher (level 3, -1/26 HPs)
             Began as a Demonspawn Fighter on Sept 22, 2019.
             Slain by Sigmund
             ... wielding a +0 scythe
              (9 damage)
             ... on level 2 of the Dungeon on Sept 25, 2019.
             The game lasted 00:02:18 (1015 turns).

JustSomeDude the Skirmisher (Demonspawn Fighter)    Turns: 1015, Time: 00:02:19

Health: -1/26      AC:  6    Str: 17    XL:     3   Next: 42%
Magic:  3/3        EV:  7    Int:  9    God:
Gold:   69         SH:  9    Dex: 12    Spells: 2/2 levels left

rFire    + . .     SeeInvis .   a - +0 war axe
rCold    + . .     Gourm    .   c - +0 shield
rNeg     . . .     Faith    .   b - +0 scale mail
rPois    .         Spirit   .   (no helmet)
rElec    .         Reflect  .   (no cloak)
rCorr    .         Harm     .   (no gloves)
MR       .....                  (no boots)
Stlth    ..........             (no amulet)
HPRegen  0.08/turn              (no ring)
MPRegen  0.08/turn              (no ring)

@: no status effects
A: talons 1, cold resistance 1, fire resistance 1, frail 1, sense surroundings
1, freezing cloud immunity
a: no special abilities


You were on level 2 of the Dungeon.
You were hungry.

You visited 1 branch of the dungeon, and saw 2 of its levels.

You collected 69 gold pieces.

Inventory:

Hand Weapons
 a - a +0 war axe (weapon)
Armour
 b - a +0 scale mail (worn)
 c - a +0 shield (worn)
 n - a cursed -1 chain mail
Scrolls
 h - a scroll of magic mapping {unknown}
 i - 5 scrolls of identify {unknown}
 j - a scroll of amnesia {unknown}
 k - a scroll of fog {unknown}
 l - a scroll of teleportation {unknown}
 o - a scroll of blinking {unknown}
Potions
 d - a potion of might
 g - a potion of degeneration {unknown}
 m - 2 potions of haste {unknown}
Comestibles
 f - a ration


   Skills:
 + Level 3.2 Fighting
 + Level 2.4 Axes
 + Level 3.2 Armour
 + Level 0.1 Dodging
 + Level 3.0 Shields


You had 2 spell levels left.
You didn't know any spells.
Your spell library was empty.

Dungeon Overview and Level Annotations

Branches:
Dungeon (2/15)

Altars:
Elyvilon
Uskayaw

Annotations:
D:2 Sigmund


Innate Abilities, Weirdness & Mutations

Your flesh is cold resistant. (rC+)
You are immune to freezing clouds.
You have sharp toenails.
Your flesh is heat resistant. (rF+)
You are frail. (-10% HP)
You passively map a small area around you.


Message History

The quokka bites you but does no damage.
You closely miss the quokka.
The quokka is severely wounded.
Something hits you but does no damage. You block the quokka's attack.
You hit the quokka.
You kill the quokka!
Something hits you.
No target in view!
You are feeling hungry.
Something hits you!
You miss something. You block something's attack.
You miss something. Something hits you.
You hit something. You block something's attack.
You slash something! Something hits you.
* * * LOW HITPOINT WARNING * * *
It was a potion of mutation.
You feel extremely strange.
You feel resistant to heat.
Your toenails lengthen and sharpen.
You feel frail.
You feel a strange attunement to the structure of the dungeons.
Something hits you!
You die...

.# ##.##.# #..# .#
#.##.# #..# .#
#.##.# #..#
.####.##.###### ###
#..#
.......†..........#
####..#
.####.######.####.#
#.....# .####.# #.#
#.###.# ......#
###.####.###.###.#
.######
,......{@.........#
.#
#.....#†####.#####
## ........# #.#
#.⌠.⌠.#.# #.#
........# #.# *
#....,#.# #.# ..._.
..# #.# * *... #.#
#.# , ,, *


There were no monsters in sight!

Vanquished Creatures
  An adder (D:2)
  A dart slug (D:1)
  A leopard gecko (D:2)
  A ball python (D:2)
  3 bats
  2 giant cockroaches
  2 goblins
  5 hobgoblins (D:1)
  3 jackals (D:1)
  4 kobolds
  2 quokkas (D:2)
  2 frilled lizards (D:1)
  3 rats
30 creatures vanquished.

Notes
Turn   | Place    | Note
-------+----------+-------------------------------------------
     0 | D:1      | JustSomeDude the Demonspawn Fighter began the quest for the
                  | Orb.
     0 | D:1      | Reached XP level 1. HP: 18/18 MP: 1/1
    83 | D:1      | Gained mutation: Your flesh is cold resistant. (rC+)
                  | [demonic ancestry]
    83 | D:1      | Reached XP level 2. HP: 20/24 MP: 2/2
   729 | D:2      | Gained mutation: You are immune to freezing clouds.
                  | [demonic ancestry]
   729 | D:2      | Reached XP level 3. HP: 28/29 MP: 3/3
   771 | D:2      | Found a hide-covered altar of Uskayaw.
  1001 | D:2      | Found a white marble altar of Elyvilon.
  1001 | D:2      | Noticed Sigmund
  1015 | D:2      | Gained mutation: Your flesh is heat resistant. (rF+)
                  | [potion of mutation]
  1015 | D:2      | Gained mutation: You have sharp toenails. [potion of
                  | mutation]
  1015 | D:2      | Gained mutation: You are frail. (-10% HP) [potion of
                  | mutation]
  1015 | D:2      | Gained mutation: You passively map a small area around you.
                  | [potion of mutation]
  1015 | D:2      | Slain by Sigmund

Skill      XL: |  1  2 |
---------------+-------+-----
Armour         | 3 |  3.2
Axes           | 2 |  2.4
Shields        | 3 |  3.0
Fighting       | |  3.2
Dodging        | |  0.1

Action                   || total
-------------------------++-------
Melee: War axe           ||    85
  Use: Potion            ||     1
Armor: Scale mail        ||    38
Dodge: Dodged            ||    25
Block: Shield            ||    49
